Map: Abyssal Reef LE

Players

SchNice

  • Race: Terran Terran
  • League: Diamond
  • Spawn Location: 5:00

A.I. 1 (Very Easy) - Winner!

  • Race: Zerg Zerg
  • Spawn Location: 11:00

VOD

Have the link to the VOD?

Description

Time

  • Played on: June 29, 2017, 8:48 p.m.
  • Length: 8:53
Show
View Real Time Build Order
Export as new Build Order

SchNice Terran 

Build Orders: Reaper Expand, MMM Bio 

Get SALT Encoding   

  12  0:00  SCV  
  13  0:12  SCV  
  14  0:17  Supply Depot  
  14  0:24  SCV  
  15  0:38  SCV  
  15  0:40  Barracks  
  16  0:47  Refinery  
  16  0:50  SCV  
  17  1:03  SCV  
  18  1:15  SCV  
  19  1:27  Orbital Command  
  19  1:30  Reaper  
  20  1:41  Command Center  
  20  1:53  SCV  
  21  2:00  Supply Depot  
  21  2:05  Marine  
  21  2:08  Factory  
  22  2:11  SCV  
  22  2:13  Refinery  
  23  2:23  SCV  
  23  2:25  Barracks Reactor  
  24  2:33  Barracks  
  24  2:36  SCV  
  25  2:48  SCV  
  26  2:52  Orbital Command  
  26  2:59  Widow Mine  
  26  3:00  SCV, Starport  
  26  3:04  Marine  
  26  3:05  Marine  
  31  3:13  SCV  
  32  3:21  SCV  
  32  3:22  Marine x2  
  32  3:25  SCV  
  36  3:27  Widow Mine  
  36  3:30  Supply Depot  
  36  3:33  Marine  
  39  3:36  Medivac  
  39  3:40  Barracks Tech Lab  
  41  3:41  Marine  
  41  3:43  SCV  
  41  3:44  SCV  
  41  3:47  Supply Depot  
  44  3:51  Marine  
  45  3:55  SCV  
  45  3:56  SCV  
  45  3:59  Factory Reactor  
  45  4:01  Stimpack  
  47  4:07  SCV  
  48  4:11  SCV, Marine x3  
  48  4:15  Supply Depot  
  52  4:20  SCV  
  52  4:22  Barracks  
  52  4:23  SCV  
  54  4:30  Marauder, Marine x2  
  58  4:32  SCV  
  58  4:35  SCV  
  58  4:37  Supply Depot  
  60  4:44  SCV  
  60  4:45  Medivac x2  
  65  4:47  SCV  
  65  4:51  Factory Reactor  
  66  4:56  SCV  
  66  4:58  Marine x2  
  66  4:59  Marine  
  70  5:00  SCV  
  70  5:06  Engineering Bay  
  71  5:08  SCV  
  71  5:11  Supply Depot  
  71  5:12  SCV, Supply Depot  
  73  5:16  Medivac x2  
  73  5:19  Refinery  
  73  5:21  Marine  
  78  5:27  Marine  
  78  5:33  Supply Depot  
  78  5:34  SCV x2  
  80  5:38  Terran Infantry Weapons Level 1, Marine  
  80  5:39  Marine x2  
  83  5:45  Marauder, Marine  
  83  5:46  SCV x2  
  87  5:52  Supply Depot  
  87  5:53  Supply Depot  
  87  5:56  Marine  
  88  5:58  SCV x2  
  88  5:59  Marine x2  
  92  6:04  Combat Shields  
  92  6:05  Marine  
  92  6:06  Command Center  
  92  6:10  SCV x2  
  95  6:16  Marine x2  
  97  6:18  Marine  
  97  6:19  Marine  
  97  6:22  SCV x2  
  97  6:23  Supply Depot, Marine  
  97  6:25  Supply Depot  
  100  6:32  Medivac x2  
  104  6:34  SCV x2, Marine  
  104  6:39  Factory Reactor  
  106  6:41  Marine x3  
  106  6:42  Marine  
  106  6:46  SCV x2, Barracks  
  112  6:52  Supply Depot  
  112  6:57  Marine  
  112  6:58  SCV  
  112  6:59  Marine x3  
  117  7:02  SCV  
  117  7:06  Medivac x2  
  122  7:08  Marauder  
  122  7:09  Barracks  
  122  7:10  SCV  
  121  7:19  SCV  
  122  7:23  SCV, Refinery  
  122  7:25  Supply Depot x2  
  123  7:31  SCV, Marine  
  123  7:32  Marauder, Marine x3  
  130  7:40  SCV  
  130  7:42  Medivac  
  130  7:43  SCV  
  134  7:47  Orbital Command  
  134  7:50  Factory Reactor  
  134  7:55  Marine  
  134  7:56  Marine x3  
  134  7:58  Armory, Engineering Bay  
  138  8:04  Marine  
  138  8:05  Marine x3  
  142  8:06  Medivac  
  144  8:13  Marine  
  144  8:15  Unknown  
  144  8:18  Marine x2  
  144  8:19  Marine  
  148  8:20  Medivac  
  148  8:22  Marine x2  
  152  8:34  Factory Tech Lab  
  152  8:37  Starport  
  153  8:43  Fusion Core  
Show
View Real Time Build Order
Export as new Build Order

A.I. 1 (Very Easy) Zerg - Winner!

Build Orders: Pool First 

Get SALT Encoding   

  12  0:01  Drone  
  13  0:12  Overlord  
  13  0:17  Drone  
  14  0:36  Spawning Pool  
  14  0:37  Extractor  
  14  0:40  Drone  
  13  0:47  Drone  
  14  0:53  Overlord  
  14  1:23  Zergling x2  
  14  1:25  Queen  
  17  1:33  Roach Warren  
  17  1:36  Drone  
  17  1:40  Extractor  
  17  1:41  Zergling x2  
  17  1:45  Drone  
  18  1:58  Drone  
  18  1:59  Zergling x2  
  20  2:08  Drone  
  21  2:19  Drone  
  22  2:30  Drone  
  22  2:31  Overlord  
  23  2:37  Drone  
  24  2:44  Drone  
  25  4:55  Zergling x2  
  25  4:59  Queen  
  23  5:13  Zergling x2  
  24  5:28  Drone  
  21  5:31  Zergling x2  
  18  5:35  Drone  
  18  5:41  Lair  
  18  5:42  Drone  
  19  5:50  Drone  
  16  5:57  Drone  
  16  5:59  Roach  
  15  6:04  Drone  
  10  6:38  Overseer  
  10  6:39  Overseer  
  10  6:40  Queen  
  10  6:42  Zergling x2, Drone  
  14  6:50  Hatchery  
  14  6:53  Drone  
  14  6:59  Overseer  
  14  7:04  Drone  
  15  7:11  Drone  
  15  7:15  Zergling x2  
  17  7:25  Drone  
  18  7:43  Zergling x2  
  19  7:46  Drone  
  20  7:56  Overlord  
  20  7:57  Drone  
  21  8:04  Drone  
  22  8:11  Drone  
  22  8:12  Zergling x2  
  24  8:18  Drone  
  25  8:25  Drone  
  25  8:32  Drone  
  25  8:40  Drone  
Tags
 
Add a new tag
Caveats
  • Supply blocks, unpowered buildings, or Contaminate may cause inaccurate times.
  • Supply counts are checked every 10 seconds.